 Dungeon Crawl Stone Soup version 0.30-a0-54-g2e61a25929 (webtiles) character file.

Game seed: 9201973710320487604

8 MrFrogsmire the Trooper (level 2, 0/25 HPs)
             Began as a Palentonga Fighter on Sept 8, 2022.
             Slain by an orc
             ... wielding a +0 trident
              (5 damage)
             ... on level 4 of the Dungeon.
             The game lasted 00:01:23 (132 turns).

MrFrogsmire the Trooper (Palentonga Fighter)         Turns: 132, Time: 00:01:24

Health: 0/25       AC:  6    Str: 21    XL:     2   Next: 0%
Magic:  2/2        EV:  7    Int:  8    God:
Gold:   14         SH:  4    Dex:  9    Spells: 1/1 levels left

rFire   . . .      SeeInvis +    a - +0 long sword
rCold   . . .      Faith    .    c - +0 buckler
rNeg    . . .      Spirit   .    b - +0 scale mail
rPois   .          Reflect  .    (no helmet)
rElec   .          Harm     .    (no cloak)
rCorr   .          Rampage  .    (no gloves)
Will    .....                    (no barding)
Stlth   ..........               (no amulet)
HPRegen 0.08/turn                (no ring)
MPRegen 0.08/turn                (no ring)

@: no status effects
A: large, rugged brown scales 3, see invisible, deformed body, roll 1, armoured
tail
a: Rolling Charge


You were on level 4 of the Dungeon.
You visited 1 branch of the dungeon, and saw 4 of its levels.

You collected 14 gold pieces.

Inventory:

Hand Weapons
 a - a +0 long sword (weapon)
Armour
 b - a +0 scale mail (worn)
 c - a +0 buckler (worn)
Scrolls
 e - a scroll of identify {unknown}
Potions
 d - a potion of might
 f - a potion of brilliance {unknown}


   Skills:
 + Level 3.1 Fighting
 + Level 2.1 Long Blades
 + Level 2.5 Armour
 + Level 2.8 Shields


You had one spell level left.
You didn't know any spells.
Your spell library was empty.

Dungeon Overview and Level Annotations

Branches:
Dungeon (4/15)
 Temple: D:4-7

Altars:

Shops:
D:4 *


Innate Abilities, Weirdness & Mutations

You are completely covered in rugged brown scales. (AC +3, +7% HP)
You have supernaturally acute eyesight. (SInv)
Armour fits poorly on your strangely shaped body.
You can roll at nearby foes to attack.
You have a long armoured tail.


Message History

Things that are here:
a +0 dagger; a goblin corpse
f - a dark potion You see here a +0 scale mail.
Found a stone staircase leading up.
Found a stone staircase leading down.
There is a stone staircase leading down here.
You climb downwards.
The orc shouts! x2; The orc wizard shouts!
Found 9 gold pieces.
Found a stone staircase leading down.
There is a stone staircase leading up here.
You roll forward with a clatter of scales!
Found 5 stones.
You closely miss the orc.
The orc wizard hits you but does no damage.
The orc hits you with a +0 trident.
There is a stone staircase leading down here.
The orc hits you but does no damage. You block the orc's attack.
The orc wizard barely misses you.
You climb downwards.
Found a book of Blood and 11 gold pieces.
There is a stone staircase leading up here.
The orc attacks as you move away! The orc closely misses you.
The orc wizard attacks as you move away!
The orc wizard hits you with a +0 dagger.
The orc wizard casts a spell at you. The magic dart hits you.
The orc hits you with a +0 dagger.
The orc hits you from afar with a +0 trident.
* * * LOW HITPOINT WARNING * * *
Found 7 stones.
The orc closely misses you. The orc hits you but does no damage. x2
You see here a book of Blood.
Found a scroll labelled JUC XEVIBUI.
You see here 11 gold pieces.
You are too injured to fight recklessly!
An orc is nearby!
The orc wizard casts a spell.
The orc wizard flickers and vanishes for a moment.
You open the door.
The orc hits you from afar with a +0 trident.
You die...

##########
#.@'..>..∩
#.#####++#
####o##..#
###........#
#..........#
###.#####.##
#o# .#
########.# #
####.........#


You could see 2 orcs.

Vanquished Creatures
  A worm (D:2)
  An endoplasm (D:1)
  A goblin (D:2)
  A kobold (D:1)
  A bat (D:1)
5 creatures vanquished.

Notes
Turn   | Place    | Note
-------+----------+-------------------------------------------
     0 | D:1      | MrFrogsmire the Palentonga Fighter began the quest for the
                  | Orb.
     0 | D:1      | Reached XP level 1. HP: 19/19 MP: 1/1
    69 | D:2      | Reached XP level 2. HP: 17/25 MP: 2/2
   132 | D:4      | Found Hecwybim's General Store.
   132 | D:4      | Slain by an orc

Illustrated notes

Levels and vault maps discovered:
D:1:      psy_arrival_basics, layout_rooms, roderic_serpentine_path,
          minivault_26
D:2:      layout_loops_cross, minmay_misc_feat_alley
D:3:      minmay_inner_zag, layout_basic, dreamdust_ecumenical_altar_grove,
          uniq_terence, uniq_crazy_yiuf_cottage
D:4:      minmay_bubble_buster, layout_loops_ring, serial_shops,
          nicolae_shop_hallway_stairs

Action                   || total
-------------------------++-------
Melee: Long sword        ||    17
       Tailslap          ||     1
 Abil: Rolling Charge    ||     4
Armor: Scale mail        ||     9
Dodge: Dodged            ||     6
Block: Buckler           ||     3

Table legend: (Time is in decaauts)
 A = Elapsed time spent in this place.
 B = Non-inter-level travel time spent in this place.
 C = Inter-level travel time spent in this place.
 D = Time resting spent in this place.
 E = Time spent auto-exploring this place.
 F = Levels seen in this place.
 G = Mean time per level.
                   A        B        C        D        E       F      G
               +--------+--------+--------+--------+--------+-----+--------+
         Total |    137 |     71 |     66 |      0 |      0 |   4 |   34.2 |
       Dungeon |    137 |     71 |     66 |      0 |      0 |   4 |   34.2 |
               +--------+--------+--------+--------+--------+-----+--------+

Top non-repeatable levels by time:
     D:2: 58 daAuts
     D:1: 45 daAuts
     D:4: 28 daAuts
     D:3: 4 daAuts
